 Dungeon Crawl Stone Soup version 0.30-a0-586-g23e55c9e0a (webtiles) character file.

Game seed: 17216686894106976846

49 Citaku the Covered (level 3, -16/33 HPs)
             Began as a Minotaur Fighter on Jan 3, 2023.
             Demolished by an ogre
             ... wielding a +0 giant club
              (20 damage)
             ... on level 4 of the Dungeon.
             The game lasted 00:02:28 (1450 turns).

Citaku the Covered (Minotaur Fighter)               Turns: 1450, Time: 00:02:29

Health: -16/33     AC:  7    Str: 20    XL:     3   Next: 53%
Magic:  2/2        EV:  9    Int:  5    God:
Gold:   57         SH:  4    Dex: 11    Spells: 2/2 levels left

rFire   . . .      SeeInvis .    a - +0 war axe
rCold   . . .      Faith    .    c - +0 buckler
rNeg    . . .      Spirit   .    b - +0 scale mail
rPois   .          Reflect  .    (helmet restricted)
rElec   .          Harm     .    (no cloak)
rCorr   .          Rampage  .    (no gloves)
Will    .....                    (no boots) Stlth
                                 m - amulet of magic regeneration
HPRegen 0.25/turn                (no ring)
MPRegen 0.48/turn                (no ring)

@: mighty
A: horns 2, retaliatory headbutt
a: no special abilities


You were on level 4 of the Dungeon.
You visited 1 branch of the dungeon, and saw 3 of its levels.

You collected 57 gold pieces.

Inventory:

Hand Weapons
 a - a +0 war axe (weapon)
Armour
 b - a +0 scale mail (worn)
 c - a +0 buckler (worn)
Jewellery
 m - an amulet of magic regeneration (around neck)
Scrolls
 e - 5 scrolls of identify {unknown}
 f - a scroll of blinking {unknown}
 h - a scroll of magic mapping {unknown}
 i - a scroll of enchant weapon {unknown}
 j - a scroll of amnesia {unknown}
 k - a scroll of poison {unknown}
 n - 2 scrolls of noise {unknown}
Potions
 g - a potion of resistance {unknown}
 l - 2 potions of curing {unknown}
 o - 2 potions of haste {unknown}


   Skills:
 + Level 4.0 Fighting
 * Level 3.6 Axes
 * Level 4.4 Armour
 - Level 3.6 Shields


You had 2 spell levels left.
You didn't know any spells.
Your spell library contained the following spells:

 Spells                   Type           Power      Damage    Failure   Level
 Apportation              Tloc           0%         N/A       88%         1
 Scorch                   Fire           0%         2d5       96%         2
 Flame Wave               Conj/Fire      0%         2d4       100%        4
 Alistair's Intoxication  Tmut/Pois      0%         N/A       100%        5
 Summon Cactus Giant      Summ           0%         N/A       100%        6


Dungeon Overview and Level Annotations

Branches:
Dungeon (2/15)

Altars:
The Shining One


Innate Abilities, Weirdness & Mutations

You have a pair of horns on your head.
You reflexively headbutt those who attack you in melee.


Message History

An orc priest comes into view. It is wielding a +0 club.
Things that are here:
a +0 club; an orc corpse An orc comes into view.
It is wielding a +0 short sword.
The orc shouts!
You hear a shout!
The orc priest mumbles some strange prayers to Beogh against you.
Pain shoots through your body!
The orc priest mumbles some strange prayers to Beogh against you.
Pain shoots through your body!
An ogre comes into view. It is wielding a +0 giant club.
A goblin comes into view. It is wielding a +0 club.
You hit the orc priest but do no damage.
You barely miss the orc. The orc barely misses you. You furiously retaliate!
You headbutt the orc!
You kill the orc!
The orc priest begins to cast a cantrip, but forgets the words!
The orc priest hits you with a +0 club.
You hit the orc priest.
The orc priest is lightly wounded.
You closely miss the ogre. The orc priest closely misses you.
The ogre hits you with a +0 giant club!
The orc priest invokes the aid of Beogh against you.
Pain shoots through your body!
* * * LOW HITPOINT WARNING * * *
You feel very mighty all of a sudden. The orc priest hits you with a +0 club.
* * * LOW HITPOINT WARNING * * *
The ogre closely misses you. You furiously retaliate!
You headbutt the ogre. You barely miss the ogre. You headbutt the ogre!
The ogre is moderately wounded.
You barely miss the orc priest. You miss the goblin.
The orc priest hits you but does no damage.
The goblin hits you but does no damage.
You barely miss the ogre. You headbutt the ogre!
The ogre is almost dead.
You barely miss the goblin. You closely miss the orc priest.
The orc priest hits you but does no damage.
The ogre hits you with a +0 giant club!!
Ouch! That really hurt!
You die...

§§§§§§..#
#..§≈§≈≈§≈§#
#.§§§§..§.§########
..................#
............).....#
..................#
...........)......#
..................#
.......O@.........#
###....og#+####+###
#......# #......#
#......# #......#
#......# #......#


You could see an ogre, an orc priest and a goblin.

Vanquished Creatures
  2 adders (D:2)
  2 orcs (D:4)
  3 endoplasms
  3 goblins
  3 hobgoblins
  2 kobolds
  2 ball pythons (D:1)
  5 bats
  4 frilled lizards
  4 rats
30 creatures vanquished.

Notes
Turn   | Place    | Note
-------+----------+-------------------------------------------
     0 | D:1      | Citaku the Minotaur Fighter began the quest for the Orb.
     0 | D:1      | Reached XP level 1. HP: 19/19 MP: 0/0
   547 | D:1      | Reached XP level 2. HP: 27/27 MP: 1/1
  1023 | D:2      | Reached XP level 3. HP: 32/33 MP: 2/2
  1425 | D:2      | You fall into a shaft and drop 2 floors!
  1425 | D:4      | Found a glowing golden altar of the Shining One.
  1442 | D:4      | Noticed an ogre
  1450 | D:4      | Demolished by an ogre

Illustrated notes

Levels and vault maps discovered:
D:1:      dpeg_arrival_circle_labyrinth_c, layout_loops_ring
D:2:      layout_loops_ring, basic_altar
D:4:      layout_gridville, lightli_temple_of_fire,
          grunt_temple_overflow_diamond, mainiacjoe_overflow_catwalk,
          chequers_serial_rivers_micro_a, uniq_blork_the_orc

Skill      XL: |  1  2 |
---------------+-------+-----
Armour         | 4 |  4.4
Axes           | 3 |  3.6
Fighting       | 4 |  4.0
Shields        | |  3.6

Action                   || total
-------------------------++-------
Melee: War axe           ||    60
       Headbutt          ||     6
  Use: Potion            ||     1
Armor: Scale mail        ||    40
Dodge: Dodged            ||    30
Block: Buckler           ||    15

Table legend: (Time is in decaauts)
 A = Elapsed time spent in this place.
 B = Non-inter-level travel time spent in this place.
 C = Inter-level travel time spent in this place.
 D = Time resting spent in this place.
 E = Time spent auto-exploring this place.
 F = Levels seen in this place.
 G = Mean time per level.
                   A        B        C        D        E       F      G
               +--------+--------+--------+--------+--------+-----+--------+
         Total |   1473 |   1473 |      0 |      0 |   1061 |   3 |  491.0 |
       Dungeon |   1473 |   1473 |      0 |      0 |   1061 |   3 |  491.0 |
               +--------+--------+--------+--------+--------+-----+--------+

Top non-repeatable levels by time:
     D:1: 1029 daAuts
     D:2: 417 daAuts
     D:4: 26 daAuts
